 Dungeon Crawl Stone Soup version 0.31-a0-1074-g0b22e4e0f1 (webtiles) character file.

Game seed: 7049513889020679886

419 Curundu the Chopper (level 6, 0/65 HPs)
             Began as an Ogre Gladiator on Dec 2, 2023.
             Slain by a black bear (2 damage)
             ... on level 5 of the Dungeon.
             The game lasted 00:19:09 (3964 turns).

Curundu the Chopper (Ogre Gladiator)                Turns: 3964, Time: 00:19:10

Health: 0/65       AC:  3    Str: 19    XL:     6   Next: 93%
Magic:  6/6        EV: 11    Int:  9    God:
Gold:   62         SH:  0    Dex: 12    Spells: 5/5 levels left

rFire   . . .        q - +3 dagger
rCold   + . .        (no shield)
rNeg    . . .        b - +0 robe
rPois   .            c - +0 hat
rElec   .            (no cloak)
rCorr   .            (gloves unavailable)
SInv    .            (boots unavailable)
Will    .....        (no amulet)
Stlth   ++           i - ring of protection from cold
HPRegen 0.30/turn    (no ring)
MPRegen 0.10/turn

%: no passive effects
@: brilliant
A: large, unfitting armour, tough skin 1
a: no special abilities


You were on level 5 of the Dungeon.
You visited 1 branch of the dungeon, and saw 4 of its levels.

You collected 168 gold pieces.
You spent 106 gold pieces at shops.

Inventory:

Hand Weapons
 a - a +0 war axe
 f - a +0 whip of electrocution
 q - a +3 dagger (weapon)
 r - a +1 sling of flaming
Missiles
 d - 3 throwing nets (quivered)
 e - a large rock
 h - 22 stones
Armour
 b - a +0 robe (worn)
 c - a +0 hat (worn)
Jewellery
 i - a ring of protection from cold (left hand)
Wands
 j - a wand of roots (14)
Scrolls
 g - 2 scrolls of revelation {unknown}
 l - 4 scrolls of identify {unknown}
 m - a scroll of poison {unknown}
 n - a scroll of summoning {unknown}
 p - a scroll of noise {unknown}
Potions
 k - a potion of attraction


   Skills:
 + Level 4.9 Fighting
 + Level 5.1(5.3) Axes
 + Level 1.9(3.5) Maces & Flails
 + Level 2.0 Throwing
 + Level 3.9 Dodging
 + Level 1.1 Stealth


You had 5 spell levels left.
You didn't know any spells.
Your spell library contained the following spells:

 Spells                   Type           Power      Damage    Failure   Level
 Leda's Liquefaction      Hex/Erth       0%         N/A       99%         4
 Lee's Rapid Deconstruct  Erth           0%         3d4*      100%        5
 Bombard                  Conj/Erth      0%         9d1       100%        6


Dungeon Overview and Level Annotations

Branches:
Dungeon (5/15)             Temple (0/1) D:5

Altars:

Shops:
D:2 (   D:5 *


Innate Abilities, Weirdness & Mutations

You are too large for most types of armour.
You have tough skin. (AC +1)


Message History

You hit the black bear.
The black bear is heavily wounded.
The black bear bites you. The black bear claws you.
* * * LOW HITPOINT WARNING * * *
The black bear closely misses you.
You barely miss the black bear.
The black bear is heavily wounded.
The black bear bites you.
* * * LOW HITPOINT WARNING * * *
The black bear barely misses you. The black bear claws you.
* * * LOW HITPOINT WARNING * * *
You hit the black bear.
The black bear is severely wounded.
The black bear bites you.
* * * LOW HITPOINT WARNING * * *
The black bear barely misses you.
The black bear claws you but does no damage.
You hit the black bear but do no damage.
The black bear is severely wounded.
The black bear bites you.
* * * LOW HITPOINT WARNING * * *
The black bear closely misses you. The black bear misses you.
You hit the black bear.
The black bear is severely wounded.
The black bear bites you.
* * * LOW HITPOINT WARNING * * *
The black bear claws you but does no damage. x2
Unknown command.
It was a potion of brilliance.
You feel clever all of a sudden. The black bear bites you.
* * * LOW HITPOINT WARNING * * *
The black bear barely misses you. The black bear claws you.
* * * LOW HITPOINT WARNING * * *
You hit the black bear.
The black bear is almost dead.
The black bear bites you.
* * * LOW HITPOINT WARNING * * *
The black bear closely misses you. The black bear claws you.
You die...

.#############
~≈≈≈≈≈≈~~#...#
~~~~~~.~.....##
#######.......##
########.......###
.................#
.......#.......#.######
...............#......##
........##...##.@h.....#
...........###..........
.........#.# #..........
........##.# #..........
........#..# #..........
..........####....$.....
.........#..............
...........###..........#
..........## #..........#


You could see a black bear.

Vanquished Creatures
  A scorpion (D:5)
  An orc priest (D:5)
  3 sleepcaps (D:5)
  2 iguanas (D:5)
  An orc wizard (D:5)
  Natasha (thrice) (D:2)
  4 adders
  A shadow imp (D:5)
  2 worms (D:2)
  A dart slug (D:2)
  4 orcs (D:5)
  2 bats (D:2)
  4 endoplasms
  7 giant cockroaches
  2 hobgoblins (D:2)
  5 kobolds
  7 quokkas
  4 ball pythons
  2 frilled lizards
  2 goblins (D:1)
  2 rats
60 creatures vanquished.

Notes
Turn   | Place    | Note
-------+----------+-------------------------------------------
     0 | D:1      | Curundu the Ogre Gladiator began the quest for the Orb.
     0 | D:1      | Reached XP level 1. HP: 22/22 MP: 1/1
   235 | D:1      | Found a faded altar of an unknown god.
   560 | D:1      | Reached XP level 2. HP: 29/29 MP: 2/2
  1037 | D:2      | Found Suaxum's Weapon Boutique.
  1332 | D:2      | Reached XP level 3. HP: 36/37 MP: 3/3
  1559 | D:2      | Noticed Natasha
  1574 | D:2      | Killed Natasha
  1575 | D:2      | Reached skill level 4 in Axes
  1575 | D:2      | Reached XP level 4. HP: 12/45 MP: 4/4
  1609 | D:2      | Noticed Natasha
  1614 | D:2      | Killed Natasha
  1699 | D:2      | Noticed Natasha
  1713 | D:2      | Killed Natasha
  1714 | D:2      | Reached XP level 5. HP: 19/53 MP: 5/5
  2359 | D:3      | You fall into a shaft and drop 2 floors!
  2359 | D:5      | Entered Level 5 of the Dungeon
  2617 | D:5      | Reached skill level 1 in Stealth
  2655 | D:5      | Found a staircase to the Ecumenical Temple.
  2713 | D:5      | Reached XP level 6. HP: 12/62 MP: 6/6
  2907 | D:5      | Reached skill level 5 in Axes
  2907 | D:5      | Reached skill level 1 in Maces & Flails
  3035 | D:5      | Found Yfruelo's Fire Supplies.
  3667 | D:5      | Bought a +1 sling of flaming for 106 gold pieces
  3941 | D:5      | Noticed a black bear
  3964 | D:5      | HP: 2/65 [black bear (3)]
  3964 | D:5      | Slain by a black bear

Illustrated notes

Levels and vault maps discovered:
D:1:      dpeg_arrival_central, layout_loops_corners,
          ebering_ecumenical_altar_ruins, amethyst_killhole
D:2:      layout_loops_ring, serial_shops, nicolae_shop_bloodbath_and_beyond,
          minmay_quadrilaterals, uniq_natasha
D:3:      layout_basic, nicolae_wu_jian_immortal_techniques, grunt_ministairs_3
D:5:      layout_rooms, minmay_temple_entry_wispy, gup_sewer_entry_pipe,
          nicolae_shop_fire_sale [nicolae_sub_dead_trees]

Skill      XL: |  1  2  3  4  5  6 |
---------------+-------------------+-----
Dodging        | 3 |  3.9
Fighting       | 3 4 |  4.9
Axes           | 4 5 |  5.1
Stealth        | 1 |  1.1
Maces & Flails | 1 |  1.9
Throwing       | |  2.0

Action                     |  1- 3 |  4- 6 || total
---------------------------+-------+-------++-------
  Melee: War axe           |    68 |    22 ||    90
         Whip              |       |   117 ||   117
         Punch             |       |     3 ||     3
         Dagger            |       |    54 ||    54
   Fire: Sling             |       |    16 ||    16
    Use: Potion            |       |     5 ||     5
 Armour: Robe              |    37 |   160 ||   197
  Dodge: Dodged            |    47 |   126 ||   173

Table legend: (Time is in decaauts)
 A = Elapsed time spent in this place.
 B = Non-inter-level travel time spent in this place.
 C = Inter-level travel time spent in this place.
 D = Time resting spent in this place.
 E = Time spent auto-exploring this place.
 F = Levels seen in this place.
 G = Mean time per level.
                   A        B        C        D        E       F      G
               +--------+--------+--------+--------+--------+-----+--------+
         Total |   3978 |   3978 |      0 |   1322 |      0 |   4 |  994.5 |
       Dungeon |   3978 |   3978 |      0 |   1322 |      0 |   4 |  994.5 |
               +--------+--------+--------+--------+--------+-----+--------+

Top non-repeatable levels by time:
     D:5: 1605 daAuts
     D:2: 1278 daAuts
     D:1: 1035 daAuts
     D:3: 58 daAuts
